 Dungeon Crawl Stone Soup version 0.17.0-23-g0de4337 (console) character file.

562 Kloppie the Digger (level 7, -2/44 HPs)
             Began as a Gargoyle Earth Elementalist on Nov 14, 2015.
             Slain by a wraith (8 damage)
             ... on level 4 of the Dungeon.
             The game lasted 00:13:14 (4941 turns).

Kloppie the Digger (Gargoyle Earth Elementalist)    Turns: 4941, Time: 00:13:14

Health: -2/44      AC:  7    Str: 12    XL:     7   Next: 31%
Magic:  4/12       EV: 18    Int: 17    God:
Gold:   201        SH:  0    Dex: 15    Spells: 3 memorised, 7 levels left

rFire  . . .     SeeInvis .     B - +0 flail
rCold  . . .     Clarity  .     f - +0 robe
rNeg   + . .     SustAt   .     (no shield)
rPois  ∞         Gourm    .     (no helmet)
rElec  +         Spirit   .     p - +0 cloak
rCorr  .         Warding  .     (no gloves)
rMut   .         Stasis   .     (no boots)
MR     .....                    (no amulet)
Stlth  +++.......               (no ring)
                                (no ring)

@: agile, not resistant to hostile enchantments, fairly stealthy
A: negative energy resistance 1, electricity resistance, unbreathing,
petrification resistance, rot immunity, AC +4
a: no special abilities


You were on level 4 of the Dungeon.
You were very hungry.

You visited 1 branch of the dungeon, and saw 4 of its levels.
You also visited: Ossuary.

You collected 201 gold pieces.

Inventory:

Hand Weapons
 a - a +0 short sword
 B - a +0 flail (weapon)
Missiles
 b - 120 stones (quivered)
Armour
 f - a +0 robe (worn)
 p - a +0 cloak (worn)
 r - a +0 shield
Wands
 s - a wand of enslavement (14)
 G - a wand of draining (8)
Scrolls
 k - 2 scrolls of remove curse {unknown}
 l - 3 scrolls of fog {unknown}
 m - 6 scrolls of identify {unknown}
 n - a scroll of teleportation {unknown}
 o - 3 scrolls of recharging {unknown}
 q - 2 scrolls of fear {unknown}
 t - 2 scrolls of enchant armour {unknown}
 x - a scroll of enchant weapon {unknown}
 y - a scroll of random uselessness {unknown}
 D - a scroll of magic mapping {unknown}
 E - 2 scrolls of noise {unknown}
Potions
 e - 3 potions of curing {unknown}
 g - 3 potions of brilliance {unknown}
 h - 3 potions of flight {unknown}
 i - a potion of cancellation {unknown}
 j - a potion of heal wounds {unknown}
 u - a potion of mutation {unknown}
 A - a potion of ambrosia {unknown}
 F - a potion of might {unknown}
Books
 c - a book of Geomancy

   Spells                             Type                      Level
   a - Sandblast                      Earth                        1
   b - Stoneskin                      Transmutation/Earth          2
   c - Passwall                       Transmutation/Earth          3
   d - Stone Arrow                    Conjuration/Earth            3
   e - Petrify                        Transmutation/Earth          4
   f - Lee's Rapid Deconstruction     Earth                        5
Comestibles
 d - 5 bread rations
 v - a beef jerky
 w - a meat ration
 C - 2 fruits


   Skills:
 + Level 4.5 Fighting
 - Level 2.6 Dodging
 - Level 2.1 Stealth
 + Level 3.6 Spellcasting
 - Level 0.7 Transmutations
 + Level 6.4 Earth Magic


You had 7 spell levels left.
You knew the following spells:

 Your Spells              Type           Power        Failure   Level  Hunger
a - Sandblast             Erth           ####..       1%          1    None
b - Stoneskin             Trmt/Erth      ###.....     6%          2    ##.....
c - Stone Arrow           Conj/Erth      ##....       14%         3    ###....


Dungeon Overview and Level Annotations

Branches:
Dungeon (4/15)             Temple (0/1) D:4

Altars:


Innate Abilities, Weirdness & Mutations

You are resistant to torment.
Your stone body is resilient (AC +4).
You are immune to poison.
You resist negative energy.
You are resistant to electric shocks.
You can survive without breathing.
You are immune to petrification.
You are immune to rotting.


Message History

There is an empty arch of ancient stone here.
The wraith hits you but does no damage. The wraith completely misses you.
There is a gate leading back out of this place here.
The wraith hits you.
* * * LOW HITPOINT WARNING * * *
Welcome back to the Dungeon!
There is a collapsed entrance here.
The wraith misses you. The wraith misses you. The wraith closely misses you.
Casting: Sandblast
Confirm with . or Enter, or press ? or * to list all spells.
Aiming: Sandblast
Press: ? - help, Shift-Dir - straight line, f - wraith
Aim: a wraith (heavily damaged)
The blast of sand hits the wraith.
The wraith is heavily damaged.
The wraith hits you!
You die...

#.#.#...Z#.# #.# #
##.#Z#..###Z# #.#
#.##....#.Z....# #.#####
### #.......#..###.#
#.....# ##..
####....#....#Z#
#####.###... ##...######.#
#....... #.#.Z......#
#####...
#........################.#
####.....W@..>............#
########################


You could see a wraith and a rat zombie.

Vanquished Creatures
  Grinder (D:4)
  A water moccasin skeleton (D:4)
  A wight (Ossuary)
  A giant frog zombie (D:4)
  Crazy Yiuf (D:2)
  An orc priest (D:4)
  A hound (D:4)
  A worker ant (D:4)
  3 adders
  2 oozes (D:1)
  A worm (D:4)
  6 giant geckos
  3 orcs
  A ball python (D:3)
  12 bats
  6 giant cockroaches
  7 goblins
  7 hobgoblins
  8 jackals
  A quokka (D:2)
  4 giant newts
  A hobgoblin skeleton (Ossuary)
  2 hobgoblin zombies (Ossuary)
  7 kobolds
  2 kobold zombies (Ossuary)
  2 orc skeletons (Ossuary)
  2 orc zombies (Ossuary)
  6 rats
91 creatures vanquished.

Notes
Turn   | Place    | Note
--------------------------------------------------------------
     0 | D:1      | Kloppie the Gargoyle Earth Elementalist began the quest for the Orb.
     0 | D:1      | Reached XP level 1. HP: 10/10 MP: 3/3
   495 | D:1      | Reached XP level 2. HP: 11/16 MP: 5/5
   920 | D:1      | Reached skill level 1 in Fighting
  1033 | D:1      | Reached skill level 4 in Earth Magic
  1033 | D:1      | Reached XP level 3. HP: 16/20 MP: 1/6
  1741 | D:2      | Learned a level 2 spell: Stoneskin
  1930 | D:2      | Noticed Crazy Yiuf
  2123 | D:2      | Reached XP level 4. HP: 23/26 MP: 0/7
  2718 | D:2      | Killed Crazy Yiuf
  3198 | D:3      | Reached XP level 5. HP: 31/31 MP: 6/8
  3314 | D:3      | Reached skill level 5 in Earth Magic
  3783 | D:3      | Learned a level 3 spell: Stone Arrow
  3964 | D:4      | Noticed Grinder
  4230 | D:4      | Reached XP level 6. HP: 37/37 MP: 8/10
  4304 | D:4      | Killed Grinder
  4304 | D:4      | Reached skill level 6 in Earth Magic
  4304 | D:4      | Reached XP level 7. HP: 36/43 MP: 5/12
  4313 | D:4      | Found a staircase to the Ecumenical Temple.
  4462 | D:4      | Found a sand-covered staircase.
  4469 | Ossuary  | Entered an ossuary
  4772 | Ossuary  | Noticed a flying skull
  4772 | Ossuary  | Noticed a wraith
  4778 | Ossuary  | Noticed a flying skull
  4781 | Ossuary  | Noticed a flying skull
  4782 | Ossuary  | Noticed a flying skull
  4809 | Ossuary  | Noticed a flying skull
  4815 | Ossuary  | Noticed a wraith
  4912 | Ossuary  | HP: 2/44 [wraith (5)]
  4941 | D:4      | Slain by a wraith

Action                   |  1- 3 |  4- 6 |  7- 9 || total
-------------------------+-------+-------+-------++-------
Melee: Short sword       |    37 |       |       ||    37
       Flail             |       |       |     2 ||     2
 Cast: Sandblast         |    63 |    74 |    50 ||   187
  Use: Potion            |       |       |     1 ||     1
  Eat: Chunk             |     5 |     7 |     1 ||    13
